 Dungeon Crawl Stone Soup version 0.23.2-1-ga50397a6bc (webtiles) character file.

Game seed: 12877613742247127246

422 Peloso the Shield-Bearer (level 6, -12/55 HPs)
             Began as a Minotaur Fighter on June 1, 2019.
             Was a Follower of Okawaru.
             Mangled by Menkaure (19 damage)
             ... on level 4 of the Dungeon.
             The game lasted 00:05:33 (2322 turns).

Peloso the Shield-Bearer (Minotaur Fighter)         Turns: 2322, Time: 00:05:33

Health: -12/55     AC: 13    Str: 21    XL:     6   Next: 63%
Magic:  5/5        EV:  4    Int:  5    God:    Okawaru [*.....]
Gold:   186        SH: 10    Dex: 11    Spells: 5/5 levels left

rFire    + . .     SeeInvis .   a - +0 long sword
rCold    x . .     Gourm    .   c - +0 shield
rNeg     . . .     Faith    .   m - +0 plate armour
rPois    .         Spirit   .   (helmet restricted)
rElec    .         Reflect  .   (no cloak)
rCorr    +         Harm     .   v - +0 pair of gloves
MR       .....                  (no boots)
Stlth    ..........             (no amulet)
HPRegen  0.18/turn              p - ring of fire
MPRegen  0.09/turn              u - ring of resist corrosion

@: no status effects
A: retaliatory headbutt, horns 2
a: Heroism, Renounce Religion


You were on level 4 of the Dungeon.
You worshipped Okawaru.
Okawaru was aware of your devotion.
You were not hungry.

You visited 2 branches of the dungeon, and saw 5 of its levels.

You collected 186 gold pieces.

Inventory:

Hand Weapons
 a - a +0 long sword (weapon)
Armour
 b - a +0 scale mail
 c - a +0 shield (worn)
 m - a +0 plate armour (worn)
 v - a +0 pair of gloves (worn)
Jewellery
 p - a ring of fire (left hand)
 u - a ring of resist corrosion (right hand)
Scrolls
 e - 3 scrolls of amnesia {unknown}
 g - 2 scrolls of magic mapping {unknown}
 j - a scroll of random uselessness {unknown}
 k - 2 scrolls of identify {unknown}
 n - 8 scrolls of remove curse {unknown}
 o - a scroll of fear {unknown}
 r - 3 scrolls of teleportation {unknown}
 w - a scroll of immolation {unknown}
Potions
 d - 2 potions of might
 h - 2 potions of haste {unknown}
 i - a potion of resistance
 l - 2 potions of agility {unknown}
 q - a potion of curing {unknown}
 s - 2 potions of ambrosia {unknown}
 x - a potion of mutation {unknown}
Comestibles
 f - 8 rations
 t - 2 chunks of flesh


   Skills:
 + Level 4.8 Fighting
 + Level 4.8 Long Blades
 + Level 5.3 Armour
 + Level 0.5 Dodging
 + Level 6.1 Shields


You had 5 spell levels left.
You didn't know any spells.
Your spell library was empty.

Dungeon Overview and Level Annotations

Branches:
Dungeon (4/15)             Temple (1/1) D:4

Altars:
Cheibriados
Hepliaklqana
Okawaru
Qazlal
Sif Muna
Uskayaw
Vehumet
Wu Jian
Xom

Annotations:
D:4 Menkaure


Innate Abilities, Weirdness & Mutations

You reflexively headbutt those who attack you in melee.
You have a pair of horns on your head.


Message History

Menkaure seems to speed up.
Found a scroll labeled VEINKE IFOUNN.
Menkaure's ankle releases a plume of dust as he confides, "I'm not really a mummy, you know."
Menkaure hits you!
You barely miss Menkaure.
Menkaure calls on the powers of darkness!
Your body is wracked with pain!
You hit Menkaure but do no damage. Your headbutt misses Menkaure.
You block Menkaure's attack.
Menkaure points at you and mumbles some strange words.
Pain shoots through your body!
* * * LOW HITPOINT WARNING * * *
You hit Menkaure. You headbutt Menkaure!
Menkaure is moderately damaged.
Menkaure hits you!
* * * LOW HITPOINT WARNING * * *
Your plate armour prevents you from hitting Menkaure.
Menkaure is moderately damaged.
Menkaure hits you!!
You die...

....#......###...##.........##.##
...........# #...##....##.####.##
...... #####.....##........ ...
#.....##......## .
#......#[.....## ..##
#.............))
.?...#######.........###
...........##........#..
......M@...##........#.#
................####....
..............### #.#..
....#.........# ...#.# ...
####........ #.#.#.. ..
#.........#. #.. . #......##.#
#.. ..##.... .# ... .....# .


You could see Menkaure.

Vanquished Creatures
  Edmund (Temple)
  A scorpion (D:4)
  An orc priest (D:3)
  An orc wizard (D:4)
  6 adders
  7 gnolls
  2 oozes (D:3)
  A worm (D:2)
  3 dart slugs
  A leopard gecko (D:4)
  10 orcs
  3 giant cockroaches
  6 goblins
  3 hobgoblins
  5 kobolds
  2 quokkas (D:2)
  A ball python (D:2)
  3 bats
  4 frilled lizards
  7 rats
68 creatures vanquished.

Notes
Turn   | Place    | Note
-------+----------+-------------------------------------------
     0 | D:1      | Peloso the Minotaur Fighter began the quest for the Orb.
     0 | D:1      | Reached XP level 1. HP: 19/19 MP: 0/0
   348 | D:1      | Reached XP level 2. HP: 24/27 MP: 1/1
   579 | D:2      | Reached skill level 4 in Shields
   747 | D:2      | Reached XP level 3. HP: 33/33 MP: 2/2
  1026 | D:3      | Reached XP level 4. HP: 37/41 MP: 3/3
  1214 | D:3      | Reached skill level 5 in Shields
  1470 | D:3      | Found an iron altar of Okawaru.
  1497 | D:3      | Reached XP level 5. HP: 47/47 MP: 4/4
  1537 | D:3      | Became a worshipper of Warmaster Okawaru
  1618 | D:3      | Found a blossoming altar of Fedhas.
  1641 | D:3      | Found a hide-covered altar of Uskayaw.
  1641 | D:3      | Found a hide-covered altar of Uskayaw.
  1668 | D:3      | Found an ancient bone altar of Kikubaaqudgha.
  1668 | D:3      | Found an ornate altar of the Wu Jian Council.
  1668 | D:3      | Found a shimmering altar of Xom.
  1788 | D:4      | Found a staircase to the Ecumenical Temple.
  1845 | D:4      | Noticed Edmund
  1874 | Temple   | Entered the Ecumenical Temple
  1885 | Temple   | Killed Edmund
  1885 | Temple   | Reached XP level 6. HP: 21/53 MP: 5/5
  2100 | D:4      | Reached skill level 5 in Armour
  2222 | D:4      | Reached skill level 6 in Shields
  2228 | D:4      | Reached * piety under Okawaru
  2315 | D:4      | Noticed Menkaure
  2322 | D:4      | Mangled by Menkaure

Skill      XL: |  1  2  3  4  5  6 |
---------------+-------------------+-----
Shields        | 4 5 6 |  6.1
Fighting       | 4 |  4.8
Armour         | 4 5 |  5.3
Long Blades    | 3 4 |  4.8
Dodging        | |  0.5

Action                   |  1- 3 |  4- 6 || total
-------------------------+-------+-------++-------
Melee: Long sword        |    86 |   141 ||   227
       Headbutt          |     9 |    31 ||    40
  Eat: Chunk             |       |     5 ||     5
Armor: Scale mail        |    24 |       ||    24
       Plate armour      |    38 |    86 ||   124
Dodge: Dodged            |    23 |    28 ||    51
Block: Shield            |    60 |    89 ||   149
       Rpst.: Long sword |     6 |     3 ||     9
